 Dungeon Crawl Stone Soup version 0.24-a0-507-g3e8b242632 (webtiles) character file.

Game seed: 10226779818147870893

101273 erloom the Brawler (level 16, -12/147 HPs)
             Began as a Ghoul Monk on July 18, 2019.
             Was the Champion of Makhleb.
             Killed from afar by a shock serpent (16 damage)
             ... with a bolt of electricity
             ... on level 1 of the Snake Pit.
             The game lasted 01:01:12 (21452 turns).

erloom the Brawler (Ghoul Monk)                    Turns: 21452, Time: 01:01:13

Health: -12/147    AC: 31    Str: 22    XL:     16   Next: 30%
Magic:  22/22      EV:  9    Int:  5    God:    Makhleb [******]
Gold:   1264       SH: 14    Dex: 11    Spells: 15/15 levels left

rFire    . . .     SeeInvis +     - Unarmed
rCold    + + .     Gourm    .   S - +0 shield
rNeg     + + +     Faith    .   c - +2 crystal plate armour {rC+}
rPois    ∞         Spirit   .   o - +2 helmet {SInv}
rElec    .         Reflect  +   T - scarf {repulsion}
rCorr    .         Harm     .   (no gloves)
MR       +....                  C - +1 pair of boots {Stlth+}
Stlth    ..........             a - +4 amulet of reflection
HPRegen  0.00/turn              U - +2 ring of protection
MPRegen  0.18/turn              D - +5 ring of evasion

@: rotting, repel missiles
A: rotting body, claws 1, carnivore, cold resistance 1, negative energy
resistance 3, inhibited regeneration, torment resistance, unbreathing
a: Minor Destruction, Lesser Servant of Makhleb, Major Destruction, Greater
Servant of Makhleb, Renounce Religion


You were on level 1 of the Snake Pit.
You worshipped Makhleb.
Makhleb was exalted by your worship.
You were not hungry.

You visited 5 branches of the dungeon, and saw 25 of its levels.
You visited the Abyss 1 time.
You also visited: Ice Cave.

You collected 2589 gold pieces.
You spent 1325 gold pieces at shops.

Inventory:

Missiles
 h - 4 throwing nets
 t - 39 boomerangs (quivered)
Armour
 c - a +2 crystal plate armour of cold resistance (worn)
 o - a +2 helmet of see invisible (worn)
 C - a +1 pair of boots of stealth (worn)
 P - +0 fire dragon scales
 S - a +0 shield (worn)
 T - a scarf of repulsion (worn)
Jewellery
 a - a +4 amulet of reflection (around neck)
 m - an uncursed ring of stealth
 v - an uncursed ring of flight
 x - an uncursed amulet of harm {unknown}
 y - an uncursed ring of magical power
 D - a +5 ring of evasion (right claw)
 N - an uncursed amulet of the acrobat
 Q - an uncursed ring of resist corrosion
 U - a +2 ring of protection (left claw)
Wands
 d - a wand of acid (4)
 s - a wand of flame (77)
 w - a wand of paralysis (9)
 B - a wand of iceblast (20)
 F - a wand of enslavement (7)
 G - a wand of polymorph (19)
Scrolls
 e - 4 scrolls of enchant weapon
 g - 10 scrolls of teleportation
 i - 17 scrolls of remove curse
 j - a scroll of identify
 l - 3 scrolls of immolation
 q - 3 scrolls of blinking
 E - 3 scrolls of amnesia
 H - 2 scrolls of fear
 J - a scroll of magic mapping
 K - 3 scrolls of enchant armour
 R - a scroll of fog
 V - a scroll of torment
Potions
 f - 3 potions of flight
 k - 3 potions of might
 n - 13 potions of curing
 r - 4 potions of agility
 u - a potion of heal wounds
 z - 3 potions of resistance
 A - 3 potions of cancellation
 I - 3 potions of brilliance
 L - a potion of haste
 M - 4 potions of degeneration
 O - a potion of invisibility
 W - 2 potions of ambrosia
Comestibles
 b - 44 rations


   Skills:
 + Level 14.5 Fighting
 + Level 11.3 Armour
 - Level 4.0 Dodging
 - Level 2.1 Stealth
 + Level 5.0 Shields
 * Level 19.2 Unarmed Combat
 - Level 10.0 Invocations
 - Level 5.0 Evocations


You had 15 spell levels left.
You didn't know any spells.
Your spell library contained the following spells:

 Spells                   Type           Power        Failure   Level  Hunger
 Animate Skeleton         Necr           N/A          100%        1    ##.....
 Apportation              Tloc           #.....       100%        1    ##.....
 Confusing Touch          Hex            #.....       100%        1    ##.....
 Corona                   Hex            #......      100%        1    ##.....
 Magic Dart               Conj           #...         100%        1    ##.....
 Summon Small Mammal      Summ           #...         100%        1    ##.....
 Blink                    Tloc           N/A          100%        2    ###....
 Call Imp                 Summ           #.......     100%        2    ###....
 Corpse Rot               Necr           N/A          100%        2    ###....
 Ensorcelled Hibernation  Hex/Ice        #.....       100%        2    ###....
 Poisonous Vapours        Pois/Air       #.....       100%        2    ###....
 Slow                     Hex            #.......     100%        2    ###....
 Confuse                  Hex            #.......     100%        3    ####...
 Conjure Flame            Conj/Fire      #.......     100%        3    ####...
 Dazzling Spray           Conj/Hex       #.....       100%        3    ####...
 Gell's Gravitas          Tloc           #.........   100%        3    ####...
 Mephitic Cloud           Conj/Pois/Air  #.......     100%        3    ####...
 Recall                   Summ/Tloc      N/A          100%        3    ####...
 Stone Arrow              Conj/Erth      #.....       100%        3    ####...
 Tukima's Dance           Hex            #.......     100%        3    ####...
 Leda's Liquefaction      Hex/Erth       #.........   100%        4    #####..
 Petrify                  Tmut/Erth      #.......     100%        4    #####..
 Agony                    Necr           #.......     100%        5    ######.
 Aura of Abjuration       Summ           #.........   100%        5    ######.
 Dispel Undead            Necr           #.......     100%        5    ######.
 Metabolic Englaciation   Hex/Ice        #.........   100%        5    ######.
 Summon Demon             Summ           #.........   100%        5    ######.
 Summon Forest            Summ/Tloc      #.........   100%        5    ######.
 Summon Mana Viper        Hex/Summ       #.......     100%        5    ######.
 Yara's Violent Unravell  Hex/Tmut       #.........   100%        5    ######.
 Shadow Creatures         Summ           N/A          100%        6    #######
 Summon Hydra             Summ           #.........   100%        7    #######
 Hydra Form               Tmut           Unusable     N/A         6    N/A

Dungeon Overview and Level Annotations

Branches:
Dungeon (15/15)            Temple (1/1) D:7            Lair (6/6) D:9
 Shoals (0/4) Lair:3        Snake (1/4) Lair:4        Slime (0/5) Lair:6
    Orc (2/2) D:11            Elf (0/3) Orc:2        Vaults (0/5) D:14
 Depths (0/5) D:15

Altars:
Ashenzari
Cheibriados
Dithmenos
Elyvilon
Fedhas
Gozag
Hepliaklqana
Kikubaaqudgha
Makhleb
Nemelex Xobeh
Okawaru
Qazlal
Ru
Sif Muna
Trog
Uskayaw
Vehumet
Wu Jian
Xom
Yredelemnul
Zin
The Shining One
Beogh

Shops:
D:4 *   D:7 }   D:11 *   Orc:2 =[(*

Annotations:
D:14 exclusion: Roxanne, Roxanne
Lair:4 exclusion: 4 oklob plants


Innate Abilities, Weirdness & Mutations

Your body is rotting away.
You thrive on raw meat.
You are immune to poison.
You have sharp fingernails.
You are carnivorous and can eat meat at any time.
Your flesh is cold resistant. (rC+)
You are immune to negative energy. (rN+++)
You do not regenerate when monsters are visible.
You are immune to unholy pain and torment.
You can survive without breathing.


Message History

The shock serpent is severely wounded.
The shock serpent's electric aura discharges, shocking you!
You block the shock serpent's attack.
Unknown command.
You miss the shock serpent.
The shock serpent is severely wounded.
The shock serpent shoots out a bolt of lightning at you!
The bolt of electricity hits you!
* * * LOW HITPOINT WARNING * * *
The bolt of electricity hits you!
* * * LOW HITPOINT WARNING * * *
The bolt of electricity hits the shock serpent.
The shock serpent completely resists.
You closely miss the shock serpent.
The shock serpent is severely wounded.
The shock serpent shoots out a bolt of lightning at you!
The bolt of electricity hits you!
* * * LOW HITPOINT WARNING * * *
The bolt of electricity hits you!
You die...

#+# ##.##
##...##
#.....#
..8..
#...#
#†)†#
#)S)#
#†@)#
#)..#
...8...
##.....##
##...##
##.## #.#
#..


You could see a shock serpent.

Vanquished Creatures
  Jorgrun (D:13)
  An orc warlord (Orc:2)
  A stone giant (Orc:2)
  A reaper (IceCv)
  Azrael (D:11)
  Snorg (Lair:3)
  Josephine (Orc:1)
  A yaktaur captain (D:15)
  A naga warrior (Snake:1)
  8 vault guards (D:14)
  6 hydras
  6 centaur warriors
  A death knight (D:15)
  2 tengu warriors (D:14)
  Erica (Orc:1)
  4 two-headed ogres
  A queen ant (Lair:3)
  Sonja (D:12)
  Nergalle (D:11)
  2 orc high priests (Orc:2)
  4 skeletal warriors (D:14)
  An unseen horror (D:14)
  A swamp dragon (Lair:6)
  An orc knight (Orc:1)
  7 ugly things
  A manticore (Lair:3)
  2 wolf spiders (Lair:6)
  An orc sorcerer (Orc:2)
  A deep elf mage (D:13)
  3 cyclopes
  2 ice statues (IceCv)
  3 guardian serpents
  Maurice (D:11)
  13 black mambas
  A naga mage (Snake:1)
  8 spiny frogs
  A gargoyle (D:15)
  4 kobold demonologists (D:12)
  5 rime drakes
  8 komodo dragons
  7 ice devils (IceCv)
  A tengu conjurer (D:14)
  8 trolls
  2 hornets
  2 polar bears (Lair:4)
  3 blink frogs (Lair:3)
  7 slime creatures
  The ghost of Phong the Conjurer, an amateur HuFE (D:6)
  Prince Ribbit (Lair:3)
  6 hippogriffs
  4 redbacks (Lair:6)
  2 shadows
  56 yaks
  A spriggan (D:7)
  6 wraiths
  3 basilisks
  10 wyverns
  2 steam dragons (Lair:6)
  4 fire elementals (D:11)
  4 vampire mosquitoes (D:15)
  A hungry ghost (D:13)
  10 nagas
  8 soldier ants
  2 acid dragons
  4 wargs
  23 water moccasins
  4 hell hounds
  10 porcupines
  A swamp drake (Lair:6)
  34 orc warriors
  A black bear (Lair:4)
  2 ice beasts
  5 sky beasts
  A necrophage (D:13)
  12 ogres
  2 phantoms
  38 wolves (Lair:1)
  17 crocodiles
  17 centaurs
  Blork the orc (D:4)
  3 big kobolds
  21 bullfrogs
  A gnoll sergeant (D:9)
  4 scorpions
  A water moccasin skeleton (D:6)
  2 wyvern skeletons
  7 wights
  3 killer bees (D:11)
  6 howler monkeys
  An electric eel (Lair:4)
  9 crimson imps
  3 bullfrog zombies
  3 centaur zombies
  7 hounds
  28 orc priests
  Crazy Yiuf (D:7)
  4 jellies
  5 centaur skeletons
  7 iguanas
  Natasha (thrice) (D:4)
  39 orc wizards
  2 hell rats (Lair:6)
  36 worker ants
  A killer bee zombie (D:9)
  2 hound zombies
  7 gnolls (D:9)
  8 river rats (Lair:6)
  16 adders
  A howler monkey skeleton (D:4)
  4 shadow imps
  10 white imps (IceCv)
  8 ufetubi
  2 adder skeletons
  A worm (D:1)
  4 dart slugs
  6 leopard geckos
  142 orcs
  3 ball pythons
  10 bats
  3 giant cockroaches
  7 goblins
  5 hobgoblins
  6 jackals
  3 quokkas
  2 frilled lizards
  A jackal skeleton (D:6)
  15 kobolds
  A leopard gecko zombie (D:5)
  A quokka skeleton (D:4)
  A quokka zombie (D:5)
  8 rats
  2 bushes (Abyss:2)
  2 plants (Temple)
911 creatures vanquished.

Vanquished Creatures (collateral kills)
  A fire dragon (Lair:6)
  A black mamba (Lair:6)
  A yak (Lair:6)
  A river rat (Lair:6)
4 creatures vanquished.

Vanquished Creatures (others)
  A centaur warrior (D:12)
  A yaktaur (D:15)
  2 white imps (IceCv)
  3 ufetubi (IceCv)
  2 bushes
  17 fungi
  45 plants
71 creatures vanquished.

Grand Total: 986 creatures vanquished

Notes
Turn   | Place    | Note
-------+----------+-------------------------------------------
     0 | D:1      | erloom the Ghoul Monk began the quest for the Orb.
     0 | D:1      | Reached XP level 1. HP: 19/19 MP: 0/0
    16 | D:1      | Noticed a minotaur skeleton
    94 | D:1      | Reached XP level 2. HP: 26/26 MP: 1/1
   423 | D:1      | Reached skill level 4 in Unarmed Combat
   456 | D:1      | Reached XP level 3. HP: 27/33 MP: 2/2
   827 | D:2      | Reached XP level 4. HP: 33/40 MP: 3/3
   923 | D:2      | Reached skill level 5 in Unarmed Combat
  1393 | D:3      | Found a snail-covered altar of Cheibriados.
  1515 | D:3      | Reached XP level 5. HP: 40/47 MP: 4/4
  1939 | D:4      | Reached skill level 1 in Shields
  1942 | D:4      | Noticed Blork the orc
  1951 | D:4      | Reached skill level 6 in Unarmed Combat
  1951 | D:4      | Reached XP level 6. HP: 22/55 MP: 5/5
  2081 | D:4      | Killed Blork the orc
  2081 | D:4      | Reached skill level 5 in Fighting
  2171 | D:4      | Noticed Natasha
  2178 | D:4      | Killed Natasha
  2247 | D:4      | Reached XP level 7. HP: 43/61 MP: 6/6
  2261 | D:4      | Found Rah Ucics's General Store.
  2395 | D:4      | Found an ornate altar of the Wu Jian Council.
  2398 | D:4      | Found a blossoming altar of Fedhas.
  2401 | D:4      | Found an iron altar of Okawaru.
  2404 | D:4      | Found a hazy altar of Hepliaklqana.
  2451 | D:4      | Reached skill level 7 in Unarmed Combat
  2452 | D:4      | Noticed Natasha
  2460 | D:4      | Killed Natasha
  2621 | D:4      | Noticed Natasha
  2626 | D:4      | Killed Natasha
  2764 | D:5      | Entered Level 5 of the Dungeon
  2924 | D:5      | Found a sacrificial altar of Ru.
  3093 | D:5      | Reached XP level 8. HP: 54/70 MP: 7/7
  3232 | D:5      | Reached skill level 8 in Unarmed Combat
  3743 | D:6      | Reached skill level 1 in Armour
  3782 | D:6      | Found a large runed translucent door.
  3782 | D:6      | Found a large runed translucent door.
  3810 | D:6      | Reached skill level 9 in Unarmed Combat
  3839 | D:6      | Noticed Phong's ghost (amateur HuFE)
  4068 | D:6      | Found a deep blue altar of Sif Muna.
  4093 | D:6      | Reached XP level 9. HP: 79/79 MP: 8/8
  4218 | D:6      | Killed Phong's ghost
  4246 | D:7      | Found a staircase to the Ecumenical Temple.
  4254 | Temple   | Entered the Ecumenical Temple
  4781 | D:7      | Found a burning altar of Makhleb.
  4786 | D:7      | Reached skill level 10 in Unarmed Combat
  4808 | D:7      | Noticed a balrug
  4809 | D:7      | Found a glowing silver altar of Zin.
  4809 | D:7      | Noticed an angel
  4812 | D:7      | Became a worshipper of Makhleb the Destroyer
  4812 | D:7      | Reached * piety under Makhleb
  4812 | D:7      | Reached ** piety under Makhleb
  4887 | D:7      | Found an opulent altar of Gozag.
  5030 | D:7      | Found Utwigol's Gadget Shop.
  5192 | D:7      | Found a runed translucent door.
  5193 | D:7      | Noticed Crazy Yiuf
  5199 | D:7      | Killed Crazy Yiuf
  5304 | D:7      | Reached skill level 1 in Invocations
  5315 | D:7      | Reached skill level 1 in Evocations
  5878 | D:8      | Reached XP level 10. HP: 71/88 MP: 10/10
  5887 | D:8      | Reached skill level 11 in Unarmed Combat
  5920 | D:8      | Reached *** piety under Makhleb
  7026 | D:9      | Noticed a two-headed ogre
  7033 | D:9      | Killed a two-headed ogre
  7099 | D:9      | Found a glowing golden altar of the Shining One.
  7142 | D:9      | Reached **** piety under Makhleb
  7181 | D:9      | Found a staircase to the Lair.
  7559 | Lair:1   | Entered Level 1 of the Lair of Beasts
  7606 | Lair:1   | Reached skill level 12 in Unarmed Combat
  7609 | Lair:1   | Reached skill level 5 in Armour
  7622 | Lair:1   | Reached XP level 11. HP: 89/97 MP: 13/13
  8118 | Lair:1   | Reached ***** piety under Makhleb
  8127 | Lair:1   | Reached skill level 13 in Unarmed Combat
  8557 | Lair:2   | Reached skill level 5 in Evocations
  8594 | Lair:2   | Reached skill level 10 in Fighting
  8845 | Lair:2   | Noticed a four-headed hydra
  8850 | Lair:2   | Killed a four-headed hydra
  9220 | Lair:2   | Reached XP level 12. HP: 48/106 MP: 14/14
  9254 | Lair:3   | Noticed a five-headed hydra
  9261 | Lair:3   | Killed a five-headed hydra
  9325 | Lair:3   | Noticed an eight-headed hydra
  9335 | Lair:3   | Killed an eight-headed hydra
  9340 | Lair:3   | Noticed Snorg
  9342 | Lair:3   | Reached skill level 14 in Unarmed Combat
  9342 | Lair:3   | Reached skill level 5 in Invocations
  9344 | Lair:3   | Noticed a queen ant
  9350 | Lair:3   | Killed Snorg
  9354 | Lair:3   | Killed a queen ant
  9563 | Lair:3   | Found a staircase to the Shoals.
  9840 | Lair:3   | Noticed Prince Ribbit
  9851 | Lair:3   | Killed Prince Ribbit
  9861 | Lair:3   | Noticed an eight-headed hydra
  9902 | Lair:3   | Killed an eight-headed hydra
 10024 | Lair:3   | Noticed a six-headed hydra
 10036 | Lair:3   | Killed a six-headed hydra
 10036 | Lair:3   | Reached XP level 13. HP: 47/116 MP: 16/16
 10231 | Lair:4   | Reached skill level 15 in Unarmed Combat
 10307 | Lair:4   | Found a staircase to the Snake Pit.
 10332 | Lair:4   | Got a slimy ring mail
 10528 | Lair:4   | Reached ****** piety under Makhleb
 11934 | Lair:5   | Identified the +2 ring mail "Usoetre" {rPois Int+4} (You
                  | found it on level 4 of the Lair of Beasts)
 12315 | Lair:6   | Entered Level 6 of the Lair of Beasts
 12698 | Lair:6   | Found a staircase to the Slime Pits.
 12782 | Lair:6   | Reached skill level 16 in Unarmed Combat
 13048 | Lair:6   | Noticed a fire dragon
 13092 | Lair:6   | Killed a fire dragon
 13092 | Lair:6   | Reached XP level 14. HP: 114/127 MP: 19/19
 13943 | D:10     | Entered Level 10 of the Dungeon
 14494 | D:10     | Found a roughly hewn altar of Beogh.
 14852 | D:11     | Noticed Nergalle
 14861 | D:11     | Killed Nergalle
 15049 | D:11     | Found a staircase to the Orcish Mines.
 15070 | D:11     | Reached skill level 17 in Unarmed Combat
 15192 | Orc:1    | Entered Level 1 of the Orcish Mines
 15240 | Orc:2    | Entered Level 2 of the Orcish Mines
 15386 | Orc:2    | Noticed a stone giant
 15392 | Orc:2    | Killed a stone giant
 15464 | Orc:1    | Noticed Erica
 15464 | Orc:1    | You fall into a shaft and drop 1 floor!
 15464 | Orc:2    | Found a roughly hewn altar of Beogh.
 15555 | Orc:2    | Found a roughly hewn altar of Beogh.
 15620 | Orc:2    | Found a roughly hewn altar of Beogh.
 15649 | Orc:2    | Found Cusa Guh's Jewellery Shoppe.
 15682 | Orc:2    | Found a roughly hewn altar of Beogh.
 15688 | Orc:2    | Found a staircase to the Elven Halls.
 15738 | Orc:1    | Killed Erica
 15847 | Orc:2    | Found a roughly hewn altar of Beogh.
 15995 | Orc:2    | Found a roughly hewn altar of Beogh.
 16021 | Orc:2    | Found a roughly hewn altar of Beogh.
 16053 | Orc:2    | Found a roughly hewn altar of Beogh.
 16073 | Orc:2    | Found a roughly hewn altar of Beogh.
 16294 | Orc:1    | Noticed Josephine
 16322 | Orc:1    | Killed Josephine
 16552 | Orc:2    | Reached skill level 10 in Armour
 16687 | Orc:2    | Noticed an orc warlord
 16708 | Orc:2    | Killed an orc warlord
 16732 | Orc:2    | Found Fogaym's Antique Armour Emporium.
 16743 | Orc:2    | Found a roughly hewn altar of Beogh.
 16752 | Orc:2    | Found Tuevik's Antique Weapon Shoppe.
 16773 | Orc:2    | Bought a pair of runed boots for 210 gold pieces
 16825 | Orc:2    | Bought a +5 ring of evasion for 770 gold pieces
 16890 | Orc:2    | Found a roughly hewn altar of Beogh.
 16911 | Orc:2    | Found Tuyzuxt's General Store.
 16916 | Orc:2    | Bought a scroll of enchant armour for 105 gold pieces
 16916 | Orc:2    | Bought a potion of cancellation for 112 gold pieces
 17225 | D:11     | Noticed Maurice
 17233 | D:11     | Killed Maurice
 17480 | D:11     | Found Dinur's General Store.
 17556 | D:11     | Bought a scroll of teleportation for 48 gold pieces
 17556 | D:11     | Bought a scroll of identify for 32 gold pieces
 17556 | D:11     | Bought a scroll of teleportation for 48 gold pieces
 17593 | D:12     | Noticed Sonja
 17688 | D:12     | Noticed Azrael
 17705 | D:11     | Reached XP level 15. HP: 101/136 MP: 20/20
 17728 | D:11     | Killed Azrael
 17845 | D:12     | Cast into level 2 of the Abyss (Sonja)
 17893 | D:12     | Escaped the Abyss
 17899 | D:12     | Killed Sonja
 17999 | D:12     | Found a frozen archway.
 18002 | D:12     | Reached skill level 18 in Unarmed Combat
 18017 | IceCv    | Entered an ice cave
 18626 | IceCv    | Identified Log Wuah's Papyrus of Poisoning and Sinister
                  | Magic
 19269 | D:13     | Noticed Jorgrun
 19281 | D:13     | Killed Jorgrun
 20057 | D:14     | Found a gate to the Vaults.
 20093 | D:14     | Reached skill level 10 in Invocations
 20289 | D:14     | Reached XP level 16. HP: 144/144 MP: 22/22
 20324 | D:14     | Noticed Roxanne
 20535 | D:14     | Reached skill level 19 in Unarmed Combat
 20609 | D:15     | Entered Level 15 of the Dungeon
 21130 | D:15     | Found a staircase to the Depths.
 21396 | Snake:1  | Entered Level 1 of the Snake Pit
 21428 | Snake:1  | Reached skill level 5 in Shields
 21452 | Snake:1  | HP: 4/147 [shock serpent/bolt of electricity (17)]
 21452 | Snake:1  | Killed from afar by a shock serpent

Levels and vault maps discovered:
D:1:      shiori_arrival_whats_in_store_for_you, layout_basic,
          minmay_misc_feat_square
D:2:      layout_basic, kennysheep_boxes
D:3:      layout_loops_cross, st_stairs_14, kennysheep_slug_shrine
D:4:      layout_basic, grunt_temple_overflow_cloverleaf, first_ration,
          serial_shops, shop, uniq_blork_the_orc, uniq_natasha
D:5:      layout_gridville, old_standard_altar
D:6:      layout_cave_pools, kennysheep_mini_moat, ebering_ghost_disaster_area
D:7:      layout_basic, grunt_temple_overflow_order_and_chaos_2,
          lemuel_crystal_altar, minmay_temple_entry_offerings, serial_shops,
          kennysheep_little_box, the_bakery, uniq_crazy_yiuf_cottage
D:8:      layout_layer_cave
D:9:      layout_cave_pools, lemuel_crystal_altar, dpeg_oklobed_lair,
          serial_column_ruins, column_ruins_square_small,
          column_ruins_corridor_corner, column_ruins_grid_2,
          column_ruins_open_tiny
D:10:     layout_loops_corners, special_room [special_room_orc]
D:11:     layout_loops_ring, hiddenorc2_lemuel, serial_shops, shop_statue,
          uniq_maurice, uniq_nergalle
D:12:     layout_cross, portal_ice_cave_rime, nrook_guardian_serpent_double,
          uniq_azrael, uniq_sonja
D:13:     layout_long_grid, minmay_fractal_squares_5, uniq_jorgrun
D:14:     layout_basic, erik_vaults_2, serial_bayou_pond_c, uniq_roxanne
D:15:     grunt_enter_depths_snipers, layout_cave_pools, serial_park_square1
          [serial_park_minivault_5x5_1]
Temple:   minmay_temple_forest_path
Lair:1:   layout_regular_city, hangedman_lair_unloving_vines,
          chequers_serial_rivers_micro_d, minivault_27,
          grunt_forest_large_clearings
Lair:2:   layout_long_grid, infiniplex_staircase_pool_2
Lair:3:   cheibrodos_lair_overgrown_chateau, layout_misc_corridors,
          minmay_shoals_entry_beasts, zaba_antful_of_joy, uniq_prince_ribbit2,
          uniq_snorg
Lair:4:   layout_gridlike, minmay_snake_entry_guardpost_medium,
          gammafunk_lair_bear_cave, minmay_lair_oklob_chamber
Lair:5:   layout_gridlike
Lair:6:   guppyfry_lair_end_dragon, layout_misc_corridors,
          hangedman_lair_tendril_chambers, dpeg_slime_entry_corner,
          kennysheep_rathole
Snake:1:  layout_onion_interference, grunt_ministairs_15, minmay_shop_grove,
          lemuel_fruit_tree
Orc:1:    layout_diamond_mine, uniq_erica, uniq_josephine
Orc:2:    grunt_orc_community_town_hall, layout_diamond_mine,
          grunt_orc_community_big_house_2, grunt_orc_community_big_house_2,
          grunt_orc_community_house_3, grunt_orc_community_house_3,
          grunt_orc_community_house_2, grunt_orc_community_house_1,
          grunt_orc_community_house_2, grunt_orc_community_house_3, basic_altar,
          mines2_david

Skill      XL: |  1  2  3  4  5  6  7  8  9 10 11 12 13 14 15 16 |
---------------+-------------------------------------------------+-----
Unarmed Combat | 4 5 6 7 9 10 12 13 14 16 17 18 19 | 19.2
Fighting       | 4 5 7 8 9 10 11 12 13 14 | 14.5
Shields        | 1 2 3 4 5 |  5.0
Armour         | 2 3 5 6 7 9 10 11 | 11.3
Invocations    | 2 4 6 8 10 | 10.0
Evocations     | 1 3 5 |  5.0
Dodging        | 3 4 |  4.0
Stealth        | |  2.1

Action                   |  1- 3 |  4- 6 |  7- 9 | 10-12 | 13-15 | 16-18 || total
-------------------------+-------+-------+-------+-------+-------+-------++-------
Melee: Unarmed           |   112 |   188 |   423 |   777 |  1938 |   186 ||  3624
       Punch             |     1 |       |       |       |       |       ||     1
Invok: Lesser Servant of |       |       |       |       |     3 |       ||     3
Evoke: Wand              |       |       |     2 |    16 |    14 |       ||    32
  Use: Scroll            |       |     7 |     2 |    12 |    13 |       ||    34
       Potion            |       |     3 |       |       |     2 |       ||     5
 Stab: Sleeping          |     1 |     1 |       |       |       |       ||     2
       Confused          |       |       |       |       |     1 |       ||     1
  Eat: Chunk             |     7 |    10 |    30 |    45 |    94 |     3 ||   189
Armor: Robe              |    14 |       |       |       |       |       ||    14
       Ring mail         |    22 |    86 |    14 |       |       |       ||   122
       Scale mail        |       |       |     6 |       |       |       ||     6
       Plate armour      |       |       |   152 |   369 |   592 |       ||  1113
       Crystal plate arm |       |       |       |       |   173 |   120 ||   293
Dodge: Dodged            |    66 |   121 |    81 |   145 |   454 |    54 ||   921
       Deflected         |       |       |       |       |    26 |     7 ||    33
Block: Buckler           |       |    19 |   127 |   263 |   577 |       ||   986
       Reflection        |       |       |     6 |     2 |    30 |     4 ||    42
       Shield            |       |       |       |       |    27 |   128 ||   155

Table legend:
 A = Non-vault XP
 B = Vault XP
 C = Vault XP percentage of total XP
 D = Non-vault monster count
 E = Vault monster count
 F = Vault count percentage of total count
                 A         B        C        D         E       F
            +---------+---------+-------+---------+---------+-------
      Total |   77306 |   67371 |  46.6 |     548 |     365 |  40.0
            +---------+---------+-------+---------+---------+-------
        D:1 |      43 |       0 |   0.0 |      21 |       0 |   0.0
        D:2 |      83 |       0 |   0.0 |      20 |       0 |   0.0
        D:3 |      53 |      18 |  25.4 |      15 |       3 |  16.7
        D:4 |     528 |     136 |  20.5 |      19 |       2 |   9.5
        D:5 |     831 |       0 |   0.0 |      20 |       0 |   0.0
        D:6 |     899 |     255 |  22.1 |      28 |       1 |   3.4
        D:7 |    1109 |     252 |  18.5 |      30 |       2 |   6.2
        D:8 |    1753 |       0 |   0.0 |      33 |       0 |   0.0
        D:9 |    2060 |       0 |   0.0 |      35 |       0 |   0.0
       D:10 |     908 |     470 |  34.1 |      11 |      15 |  57.7
       D:11 |    6549 |    4337 |  39.8 |      48 |      42 |  46.7
       D:12 |    5138 |    2234 |  30.3 |      33 |       5 |  13.2
       D:13 |    4003 |    5003 |  55.6 |      28 |       8 |  22.2
       D:14 |   15633 |    7910 |  33.6 |      35 |       8 |  18.6
       D:15 |    6347 |    2290 |  26.5 |      20 |       3 |  13.0
     Lair:1 |    2934 |    3950 |  57.4 |      17 |      34 |  66.7
     Lair:2 |    3577 |       0 |   0.0 |      16 |       0 |   0.0
     Lair:3 |    4302 |    9466 |  68.8 |      13 |      50 |  79.4
     Lair:4 |    3726 |    2126 |  36.3 |      19 |      11 |  36.7
     Lair:5 |    3236 |       0 |   0.0 |      16 |       0 |   0.0
     Lair:6 |    5845 |   13632 |  70.0 |      25 |      62 |  71.3
    Snake:1 |    2876 |     492 |  14.6 |       7 |       2 |  22.2
      Orc:1 |    2382 |    2788 |  53.9 |      25 |       6 |  19.4
      Orc:2 |    2483 |    7665 |  75.5 |      13 |      84 |  86.6
    Abyss:2 |       8 |       0 |   0.0 |       1 |       0 |   0.0
      IceCv |       0 |    4347 | 100.0 |       0 |      27 | 100.0
            +---------+---------+-------+---------+---------+-------
